 Dungeon Crawl Stone Soup version 0.25-a0-707-g603da076d2 (webtiles) character file.

Game seed: 6543803438332732166, levelgen mode: deterministic

306 Amnesiac the Magician (level 6, -1/32 HPs)
             Began as a Deep Elf Wizard on Apr 5, 2020.
             Was a Follower of Vehumet.
             Slain by a worm (9 damage)
             ... on level 4 of the Dungeon.
             The game lasted 00:09:13 (3379 turns).

Amnesiac the Magician (Deep Elf Wizard)             Turns: 3379, Time: 00:09:13

Health: -1/32      AC:  4    Str:  4    XL:     6   Next: 16%
Magic:  15/18      EV: 13    Int: 25    God:    Vehumet [*.....]
Gold:   225        SH:  0    Dex: 13    Spells: 8/20 levels left

rFire    . . .     SeeInvis +   f - +0 trident
rCold    . . .     Gourm    .   (no shield)
rNeg     . . .     Faith    .   y - +2 robe
rPois    +         Spirit   .   b - +0 hat
rElec    .         Reflect  .   (no cloak)
rCorr    .         Harm     .   (no gloves)
MR       .....                  (no boots)
Stlth    +.........             s - amulet of regeneration
HPRegen  0.50/turn              n - ring of poison resistance
MPRegen  0.16/turn              w - ring of see invisible

@: confused
A: no striking features
a: Renounce Religion


You were on level 4 of the Dungeon.
You worshipped Vehumet.
Vehumet was aware of your devotion.
You were not hungry.

You visited 2 branches of the dungeon, and saw 5 of its levels.

You collected 225 gold pieces.

Inventory:

Hand Weapons
 f - a +0 trident (weapon)
Missiles
 p - 33 poisoned darts (quivered)
Armour
 b - a +0 hat (worn)
 y - a +2 robe (worn)
Jewellery
 n - a ring of poison resistance (left hand)
 s - an amulet of regeneration (around neck)
 u - an uncursed ring of protection from cold
 w - a ring of see invisible (right hand)
 x - an uncursed amulet of rage
 A - a +3 ring of intelligence
Scrolls
 c - 3 scrolls of enchant weapon {!r, unknown}
 j - a scroll of amnesia {!r, unknown}
 k - 2 scrolls of teleportation {!r, unknown}
 l - 4 scrolls of remove curse {!r, unknown}
 m - 5 scrolls of identify {!r, unknown}
 o - a scroll of fog {!r, unknown}
 q - a scroll of random uselessness {!r, unknown}
 r - a scroll of magic mapping {!r, unknown}
 z - 2 scrolls of fear {!r, unknown}
Potions
 a - a potion of haste {!q, unknown}
 e - a potion of curing {!q}
 g - 2 potions of brilliance {!q, unknown}
 h - a potion of flight {!q, unknown}
 i - a potion of stabbing {!q, unknown}
 v - 3 potions of lignification {!q, unknown}
Comestibles
 d - 7 rations


   Skills:
 - Level 2.4 Dodging
 - Level 2.4 Stealth
 - Level 7.5 Spellcasting
 - Level 1.1 Conjurations
 - Level 1.1 Summonings
 - Level 1.1 Translocations
 + Level 4.4 Ice Magic


You had 8 spell levels left.
You knew the following spells:

 Your Spells              Type           Power        Failure   Level  Hunger
a - Magic Dart            Conj           ##..         4%          1    None
b - Call Imp              Summ           ##......     6%          2    None
c - Mephitic Cloud        Conj/Pois/Air  ##......     17%         3    None
e - Freeze                Ice            ####         1%          1    None
s - Conjure Flame         Conj/Fire      ##......     16%         3    None
v - Blink                 Tloc           N/A          6%          2    None

Your spell library contained the following spells:

 Spells                   Type           Power        Failure   Level  Hunger
 Slow                     Hex            #.......     10%         2    None


Dungeon Overview and Level Annotations

Branches:
Dungeon (4/15)             Temple (1/1) D:4

Altars:
Ashenzari
Dithmenos
Elyvilon
Hepliaklqana
Kikubaaqudgha
Makhleb
Nemelex Xobeh
Ru
Trog
Uskayaw
Vehumet
Zin

Shops:
D:4 (


Message History

You're too confused to cast spells.
You closely miss the orc wizard.
The orc wizard is severely wounded.
The orc wizard hits you with a cursed -2 dagger.
The orc wizard misses you.
You're too confused to cast spells.
You're too confused to cast spells.
You closely miss the orc wizard.
The orc wizard is severely wounded.
The orc wizard hits you with a cursed -2 dagger.
You bump into the rock wall.
The orc wizard hits you but does no damage.
You completely miss the orc wizard.
The orc wizard is severely wounded.
The orc wizard hits you but does no damage.
Unknown command.
You're too confused to move!
The orc wizard misses you.
You're too confused to cast spells.
Unknown command.
You feel less confused.
Casting: Freeze (safe; 1% risk of failure)
Confirm with . or Enter, or press ? or * to list all spells.
Aiming: Freeze (safe; 1% risk of failure)
Press: ? - help, Shift-Dir - straight line, f/p - orc wizard
Aim: an orc wizard, wielding a -2 dagger and wearing a +0 robe of fire resistance (severely wounded, slightly transparent)
You freeze the orc wizard.
The orc wizard is almost dead.
The orc wizard gestures at you while chanting.
You are confused.
You're too confused to cast spells.
Unknown command.
You hit the orc wizard but do no damage.
The orc wizard is almost dead.
The orc wizard gestures at you while chanting.
You resist with some effort. The orc wizard casts a spell at you.
You are more confused.
You bump into the rock wall.
You barely miss the orc wizard.
The orc wizard is almost dead.
The orc wizard casts a spell at you.
You are more confused.
The orc hits you with a +0 hand axe.
You closely miss the orc. The orc wizard misses you. The orc barely misses you.
The orc wizard points at you and mumbles some strange words.
The magic dart hits you!
You bump into the rock wall.
The orc wizard hits you with a cursed -2 dagger.
The orc closely misses you. The orc wizard completely misses you.
The orc hits you with a +0 hand axe.
The orc wizard gestures at you while chanting.
The magic dart hits you.
* * * LOW HITPOINT WARNING * * *
The orc closely misses you.
You're too confused to move!
The orc wizard hits you with a cursed -2 dagger.
* * * LOW HITPOINT WARNING * * *
The orc hits you but does no damage.
The orc wizard gestures at you while chanting.
The magic dart hits you.
* * * LOW HITPOINT WARNING * * *
You bump into the rock wall.
The orc misses you.
You bump into the rock wall.
The worm bites you!
You die...

#..... #.....###### #.....
#..#..# #.....####..#..#
#..#........#..#
#..####.##.....#
#.#.####.............##
#....)).......(......#
#########ow###.###...####
#.o@............#
##.###..##..###.# #.
#..........# #.# #.###########
#####..#...# #.# #.#.........#
#......<...###.##
#.#.#######.###.###..#.#.##.#.##
#)#.#######.##...##..#.#...###.#
..§..##........#.....#.####.#..#
.☼..○...###.##...###.#.# ##.#.#


You could see a worm, an orc wizard and an orc.

Vanquished Creatures
  Sigmund (D:2)
  An orc priest (D:4)
  An orc wizard (D:3)
  3 adders
  3 oozes
  A worm (D:3)
  2 dart slugs
  5 leopard geckos
  8 orcs
  3 bats
  2 giant cockroaches
  7 goblins
  10 hobgoblins
  2 jackals
  2 quokkas (D:2)
  A ball python (D:1)
  5 frilled lizards
  7 kobolds
  19 rats
83 creatures vanquished.

Vanquished Creatures (collateral kills)
  A worker ant (D:4)
  2 orcs (D:3)
3 creatures vanquished.

Grand Total: 86 creatures vanquished

Notes
Turn   | Place    | Note
-------+----------+-------------------------------------------
     0 | D:1      | Amnesiac the Deep Elf Wizard began the quest for the Orb.
     0 | D:1      | Reached XP level 1. HP: 10/10 MP: 7/7
    86 | D:1      | Reached skill level 5 in Spellcasting
   258 | D:1      | Reached XP level 2. HP: 15/15 MP: 7/10
   262 | D:1      | Learned a level 2 spell: Blink
   265 | D:1      | Learned a level 2 spell: Call Imp
   558 | D:2      | Found a shadowy altar of Dithmenos.
   644 | D:3      | Found a faded altar of an unknown god.
   808 | D:3      | Reached XP level 3. HP: 3/19 MP: 3/12
   813 | D:3      | Learned a level 3 spell: Conjure Flame
   817 | D:3      | Learned a level 3 spell: Mephitic Cloud
  1080 | D:3      | Reached skill level 6 in Spellcasting
  1287 | D:4      | Found Vyawusics's Weapon Shoppe.
  1360 | D:4      | Found a staircase to the Ecumenical Temple.
  1365 | D:14     | Identified a paperback manual
  1365 | Temple   | Entered the Ecumenical Temple
  1526 | D:4      | Found a radiant altar of Vehumet.
  1548 | D:4      | Became a worshipper of Vehumet
  2117 | D:1      | Reached XP level 4. HP: 24/24 MP: 7/14
  2300 | D:2      | Reached skill level 7 in Spellcasting
  2560 | D:2      | Reached * piety under Vehumet
  2560 | D:2      | Offered knowledge of Freeze by Vehumet.
  2563 | D:2      | Learned a level 1 spell: Freeze
  2568 | D:2      | Noticed Sigmund
  2581 | D:2      | HP: 1/24 [Sigmund/+0 scythe (10)]
  2605 | D:2      | Killed Sigmund
  2605 | D:2      | Reached XP level 5. HP: 15/28 MP: 0/16
  3104 | D:3      | Reached XP level 6. HP: 32/32 MP: 11/18
  3379 | D:4      | Slain by a worm

Levels and vault maps discovered:
D:1:      ncdulo_watergridlock, layout_basic, minmay_rat_gold_closets
D:2:      minmay_wonky_spiral, layout_loops_cross,
          grunt_dithmenos_smoke_and_mirrors, uniq_sigmund
D:3:      layout_rooms, first_ration, chequers_ecumenical_altar_island,
          kennysheep_generic_room_11
D:4:      layout_loops_ring, lemuel_crystal_altar, fiery_altar_vehumet,
          minmay_temple_entry_nine_rooms, serial_shops, shop, st_stairs_1,
          feat_on_display
Temple:   eino_wide_crystal_templ

Skill      XL: |  1  2  3  4  5 |
---------------+----------------+-----
Spellcasting   | 5 6 7 |  7.5
Ice Magic      | 3 4 |  4.4
Dodging        | |  2.4
Stealth        | |  2.4
Conjurations   | |  1.1
Summonings     | |  1.1
Translocations | |  1.1

Action                   |  1- 3 |  4- 6 || total
-------------------------+-------+-------++-------
Melee: Trident           |    32 |    19 ||    51
 Cast: Magic Dart        |    73 |    85 ||   158
       Call Imp          |     6 |     2 ||     8
       Blink             |     1 |       ||     1
       Mephitic Cloud    |       |     4 ||     4
       Freeze            |       |    22 ||    22
 Stab: Sleeping          |     1 |     1 ||     2
  Eat: Chunk             |     4 |     3 ||     7
Armor: Robe              |    17 |     3 ||    20
Dodge: Dodged            |    58 |    23 ||    81

Table legend:
 A = Non-vault XP
 B = Vault XP
 C = Vault XP percentage of total XP
 D = Non-vault monster count
 E = Vault monster count
 F = Vault count percentage of total count
                 A         B        C        D         E       F
            +---------+---------+-------+---------+---------+-------
      Total |     275 |     163 |  37.2 |      75 |      11 |  12.8
            +---------+---------+-------+---------+---------+-------
        D:1 |      40 |       7 |  14.9 |      24 |       7 |  22.6
        D:2 |      56 |     155 |  73.5 |      20 |       3 |  13.0
        D:3 |     110 |       1 |   0.9 |      24 |       1 |   4.0
        D:4 |      67 |       0 |   0.0 |       6 |       0 |   0.0
     Temple |       2 |       0 |   0.0 |       1 |       0 |   0.0
            +---------+---------+-------+---------+---------+-------
